 Dungeon Crawl Stone Soup version 0.25.1-2-g60ff931df9 (webtiles) character file.

Game seed: 668348759491935968

31625 Acheron the Fighter (level 13, -2/108 HPs)
             Began as a Hill Orc Assassin on Aug 24, 2020.
             Was the Champion of Okawaru.
             Slain by a cyan ugly thing (17 damage)
             ... on level 14 of the Dungeon.
             The game lasted 02:49:19 (21218 turns).

Acheron the Fighter (Hill Orc Assassin)            Turns: 21218, Time: 02:49:20

Health: -2/108     AC: 18    Str: 17    XL:     13   Next: 59%
Magic:  21/28      EV: 20    Int: 19    God:    Okawaru [******]
Gold:   753        SH:  5    Dex: 21    Spells: 7/20 levels left

rFire    + . .     SeeInvis .   q - +12 long sword of the Trees {pain, Str+2 Int+3 Stlth+}
rCold    . . .     Gourm    .   v - +0 buckler
rNeg     . . .     Faith    .   c - +0 acid dragon scales
rPois    .         Spirit   .   k - +2 helmet {Int+3}
rElec    .         Reflect  .   Q - +2 cloak "Foniorem" {Int+2}
rCorr    +         Harm     .   y - +2 pair of gloves {Dex+3}
MR       .....                  p - +0 pair of boots
Stlth    +++++.....             (no amulet)
HPRegen  0.28/turn              i - ring of Qaffety {MP+9 EV+4 Int-2 Dex+4}
MPRegen  0.21/turn              F - ring of protection from fire

@: marked
A: no striking features
a: Heroism, Finesse, Renounce Religion


You were on level 14 of the Dungeon.
You worshipped Okawaru.
Okawaru was exalted by your worship.
You were not hungry.

You visited 3 branches of the dungeon, and saw 22 of its levels.

You collected 753 gold pieces.

Inventory:

Hand Weapons
 a - a +2 hand axe of flaming
 d - a +5 dagger of protection
 q - the +12 long sword of the Trees (weapon) {pain, Str+2 Int+3 Stlth+}
   (You found it on level 9 of the Dungeon)

   In the hands of one skilled in necromantic magic, it inflicts extra damage on
   living creatures.
   It affects your strength (+2).
   It affects your intelligence (+3).
   It makes you more stealthy.
 t - a +1 trident of venom
Missiles
 g - 225 stones
 s - 20 boomerangs
 G - 19 poisoned darts
 I - 4 boomerangs of dispersal
 U - 2 curare-tipped darts
 V - 4 silver javelins (quivered)
 W - 2 atropa-tipped darts
Armour
 c - +0 acid dragon scales (worn)
 k - a +2 helmet of intelligence (worn)
 p - a +0 pair of boots (worn)
 v - a +0 buckler (worn)
 y - a +2 pair of gloves of dexterity (worn)
 Q - the +2 cloak "Foniorem" (worn) {Int+2}
   (Okawaru gifted it to you on level 11 of the Dungeon)

   It affects your intelligence (+2).
 R - a scarf of invisibility
 S - a +2 leather armour of fire resistance
Jewellery
 i - the ring of Qaffety (left hand) {MP+9 EV+4 Int-2 Dex+4}
   (You took it off a vampire on level 12 of the Dungeon)

   [ring of evasion]

   It affects your evasion (+4).
   It affects your intelligence (-2).
   It affects your dexterity (+4).
   It affects your magic capacity (+9).
 x - an uncursed ring of flight
 C - a +6 ring of intelligence
 F - a ring of protection from fire (right hand)
 Y - an uncursed ring of magical power
Wands
 b - a wand of flame (32)
 h - a wand of iceblast (23)
 H - a wand of clouds (13)
 K - a wand of polymorph (16)
 T - a wand of paralysis (3)
 X - a wand of acid (7)
 Z - a wand of enslavement (13)
Scrolls
 e - a scroll of enchant weapon
 j - 3 scrolls of identify
 n - 9 scrolls of remove curse
 E - 3 scrolls of magic mapping
Potions
 l - 3 potions of lignification
 m - 3 potions of cancellation
 o - 2 potions of haste
 r - 3 potions of mutation
 z - 7 potions of curing
 A - 2 potions of magic
 B - a potion of resistance
 D - 2 potions of stabbing
 L - 2 potions of brilliance
 N - 2 potions of flight
Miscellaneous
 M - a phial of floods
Comestibles
 f - 7 rations
 u - 2 chunks of flesh


   Skills:
 * Level 8.3 Fighting
 + Level 6.6(8.1) Short Blades
 * Level 7.7(9.1) Long Blades
 * Level 6.6 Axes
 * Level 5.7 Throwing
 * Level 6.3 Armour
 * Level 6.2 Dodging
 * Level 7.4 Stealth
 + Level 1.0 Shields
 * Level 4.3 Spellcasting
 * Level 5.1 Conjurations
 + Level 4.2 Hexes
 * Level 2.8 Charms
 * Level 2.7 Translocations
 * Level 3.2 Earth Magic
 * Level 7.5 Invocations
 * Level 5.9 Evocations


You had 7 spell levels left.
You knew the following spells:

 Your Spells              Type           Power        Failure   Level  Hunger
a - Magic Dart            Conj           ###.         3%          1    None
b - Searing Ray           Conj           ###...       4%          2    #......
c - Dazzling Flash        Conj/Hex       ###...       11%         3    ###....
d - Infusion              Chrm           ##..         9%          1    None
e - Shroud of Golubria    Chrm/Tloc      ##....       12%         2    #......
f - Spectral Weapon       Hex/Chrm       ###.....     19%         3    ###....
g - Sandblast             Erth           ###...       7%          1    None

Your spell library contained the following spells:

 Spells                   Type           Power        Failure   Level  Hunger
 Slow                     Hex            ###.....     7%          2    #......
 Song of Slaying          Chrm           ##......     12%         2    #......
 Blink                    Tloc           N/A          13%         2    #......
 Stone Arrow              Conj/Erth      ###...       14%         3    ###....
 Passwall                 Tmut/Erth      ##......     21%         2    #......
 Conjure Flame            Conj/Fire      ##......     26%         3    ###....
 Call Imp                 Summ           #.......     36%         2    #......
 Mephitic Cloud           Conj/Pois/Air  ##......     36%         3    ###....
 Fulminant Prism          Conj/Hex       ###.......   36%         4    ####...
 Ozocubu's Armour         Chrm/Ice       #.......     41%         3    ###....
 Cause Fear               Hex            ###.......   41%         4    ####...
 Iskenderun's Mystic Bla  Conj/Tloc      ###.....     45%         4    ####...
 Petrify                  Tmut/Erth      ##......     78%         4    ####...
 Lee's Rapid Deconstruct  Erth           ###.......   88%         5    ######.
 Silence                  Hex/Air        ##........   96%         5    ######.
 Yara's Violent Unravell  Hex/Tmut       ##........   96%         5    ######.
 Discord                  Hex            ###.......   100%        8    #######


Dungeon Overview and Level Annotations

Branches:
Dungeon (15/15)            Temple (1/1) D:6            Lair (6/6) D:10
 Shoals (0/4) Lair:4       Spider (0/4) Lair:3        Slime (0/5) Lair:6
    Orc: D:9-12      Vaults: D:13-14     Depths: D:15

Altars:
Cheibriados
Dithmenos
Elyvilon
Fedhas
Gozag
Hepliaklqana
Kikubaaqudgha
Makhleb
Nemelex Xobeh
Okawaru
Qazlal
Ru
Sif Muna
Trog
Wu Jian
Xom
Yredelemnul
Zin
The Shining One
Jiyva

Shops:
D:5 *   D:9 %   D:10 }   D:12 %(}[

Annotations:
D:2 Robin
D:3 Grinder
D:5 2 transporters, Menkaure; Prince Ribbit; Summon's ghost, novice HOMo
D:6 exclusion: downstairs
D:7 exclusion: downstairs
D:9 exclusion: upstairs
Lair:2 exclusion: downstairs
Lair:5 exclusion: oklob plant


Message History

* * * LOW HITPOINT WARNING * * *
The cyan ugly thing closely misses you. Something hits you but does no damage.
You climb upwards.
Reactivating autopickup.
The cyclops throws a large rock.
You block the large rock.
The cyclops throws a large rock.
The large rock misses you.
There is a stone staircase leading down here.
Items here: ( )))) a +0 shortbow x2; a cursed -1 shortbow; 74 arrows; a +0 longbow The cyclops throws a large rock.
You block the large rock.
Items here: (( ) [ a large rock; an arrow; a +0 robe; a +2 dagger of venom
Things that are here:
a +0 shortbow; 50 arrows; a +0 shortbow The cyan ugly thing completely misses you.
There is an escape hatch in the ceiling here.
The cyan ugly thing trunk-slaps you!
* * * LOW HITPOINT WARNING * * *
The cyan ugly thing shocks you!
You die...

#............(>........
#.............()....C..
#..)###########C#####..
....# .......)# ....#
........# ....#
........# ....#
........# #####
#####..u####
........@..#
...........#
...........#
...........#
...........#
#########..# ... ....


You could see a cyan ugly thing and a cyclops.

Vanquished Creatures
  A great orb of eyes (D:9)
  5 hydras
  A two-headed ogre (D:12)
  2 centaur warriors
  A tengu warrior (D:9)
  A fire crab (D:9)
  A lindwurm (Lair:5)
  An orc sorcerer (D:12)
  An oklob plant (Lair:5)
  A manticore (D:14)
  2 black mambas
  2 centaur zombies (D:15)
  Maurice (D:9)
  A black mamba (shapeshifter) (D:9)
  6 spiny frogs
  A rime drake (Lair:3)
  2 komodo dragons (Lair:5)
  2 trolls
  A hornet (D:12)
  A blink frog (shapeshifter) (D:9)
  7 hippogriffs
  10 blink frogs
  2 vampires
  A wyvern (Lair:5)
  32 yaks
  3 basilisks
  A hog (D:6)
  Grum (D:10)
  A human (D:7)
  3 vampire mosquitoes
  2 hungry ghosts
  An acid dragon (D:11)
  5 water moccasins
  5 porcupines
  3 sky beasts
  A phantom (D:10)
  5 orc warriors
  2 black bears
  A necrophage (D:11)
  3 ice beasts
  3 ogres
  An eye of draining (D:9)
  4 wolves
  5 crocodiles
  9 centaurs
  A big kobold (D:7)
  16 bullfrogs
  5 scorpions
  8 killer bees
  An electric eel (D:8)
  2 howler monkeys
  6 hounds
  3 crimson imps
  A bullfrog zombie (D:10)
  10 orc wizards
  4 jellies
  2 bullfrog skeletons
  3 orc priests
  3 centaur skeletons
  Jessica (D:2)
  2 iguanas (D:11)
  Natasha (twice) (D:4)
  5 worker ants
  4 hound skeletons
  A worker ant zombie (D:10)
  12 adders
  4 shadow imps
  An ooze (D:5)
  3 adder skeletons
  4 dart slugs
  6 leopard geckos
  44 orcs
  8 giant cockroaches
  2 gnoll zombies (D:2)
  11 goblins
  3 hobgoblins
  9 jackals
  4 kobolds
  2 quokkas
  3 ball pythons (D:3)
  5 bats
  6 frilled lizards
  A jackal zombie (D:6)
  10 rats
  A fungus (Lair:1)
364 creatures vanquished.

Vanquished Creatures (others)
  A centaur (D:9)
  An ogre (D:9)
  A hound (D:9)
  An iguana (D:9)
  2 worker ants (D:9)
  A jackal (D:9)
  6 fungi
  9 plants
  A spectral weapon (D:15)
23 creatures vanquished.

Grand Total: 387 creatures vanquished

Notes
Turn   | Place    | Note
-------+----------+-------------------------------------------
     0 | D:1      | Acheron the Hill Orc Assassin began the quest for the Orb.
     0 | D:1      | Reached XP level 1. HP: 18/18 MP: 1/1
   159 | D:1      | Reached XP level 2. HP: 24/25 MP: 2/2
   179 | D:1      | Reached skill level 1 in Dodging
   650 | D:2      | Reached XP level 3. HP: 30/30 MP: 3/3
   862 | D:2      | Noticed Robin
   902 | D:3      | Found an iron altar of Okawaru.
  1368 | D:2      | Reached XP level 4. HP: 35/37 MP: 4/4
  1541 | D:2      | Noticed Jessica
  1553 | D:2      | Killed Jessica
  1672 | D:2      | Found a basalt altar of Yredelemnul.
  1862 | D:3      | Became a worshipper of Warmaster Okawaru
  1970 | D:3      | Noticed Grinder
  2054 | D:4      | Learned a level 1 spell: Magic Dart
  2057 | D:4      | Learned a level 2 spell: Searing Ray
  2064 | D:4      | Noticed Natasha
  2066 | D:4      | Killed Natasha
  2066 | D:4      | Reached skill level 3 in Fighting
  2066 | D:4      | Reached XP level 5. HP: 45/45 MP: 6/6
  2083 | D:5      | Entered Level 5 of the Dungeon
  2084 | D:5      | Noticed Menkaure
  2249 | D:5      | Noticed a sky beast
  2275 | D:6      | Found a staircase to the Ecumenical Temple.
  2305 | D:6      | Reached skill level 1 in Armour
  2305 | D:6      | Reached skill level 1 in Spellcasting
  2305 | D:6      | Reached XP level 6. HP: 35/51 MP: 7/7
  2393 | D:6      | Reached skill level 1 in Invocations
  2613 | Temple   | Entered the Ecumenical Temple
  3176 | D:7      | Noticed a hog
  3176 | D:7      | Noticed a hog
  3176 | D:7      | Noticed a hog
  3176 | D:7      | Noticed a human
  3222 | D:7      | Noticed a black bear
  3241 | D:7      | Killed a black bear
  3241 | D:7      | Reached * piety under Okawaru
  3241 | D:7      | Reached skill level 1 in Conjurations
  3241 | D:7      | Reached skill level 1 in Evocations
  3241 | D:7      | Reached XP level 7. HP: 38/57 MP: 8/8
  4429 | D:7      | Noticed a hog
  4472 | D:6      | Killed a hog
  4472 | D:6      | Reached skill level 1 in Axes
  4882 | D:4      | Found a snail-covered altar of Cheibriados.
  4952 | D:4      | Reached skill level 4 in Fighting
  4952 | D:4      | Reached XP level 8. HP: 9/66 MP: 10/10
  5024 | D:4      | Noticed Natasha
  5508 | D:4      | Learned a level 3 spell: Dazzling Flash
  5546 | D:4      | Killed Natasha
  5570 | D:4      | Found an ornate altar of the Wu Jian Council.
  5783 | D:5      | Noticed Prince Ribbit
  5951 | D:5      | Found Zin's Purification Station.
  6363 | D:5      | Found a glowing silver altar of Zin.
  6469 | D:5      | Identified the +5 ring mail of Resilience {rPois Dex+2}
  6589 | D:5      | Found a transporter.
  6590 | D:5      | Found a transporter.
  6653 | D:5      | Noticed Summon's ghost (novice HOMo)
  6999 | D:7      | Reached skill level 5 in Stealth
  7088 | D:7      | Found a glowing golden altar of the Shining One.
  7105 | D:7      | Found a burning altar of Makhleb.
  7296 | D:7      | Reached skill level 5 in Short Blades
  7296 | D:7      | Reached skill level 1 in Hexes
  8425 | D:8      | Reached XP level 9. HP: 62/72 MP: 12/12
  8937 | D:10     | Entered Level 10 of the Dungeon
  9290 | D:9      | Reached ** piety under Okawaru
  9333 | D:9      | Found a stormy altar of Qazlal.
  9467 | D:9      | Found Kahumut's Food Emporium.
  9541 | D:9      | Noticed a tengu warrior
  9645 | D:9      | Reached skill level 5 in Fighting
  9754 | D:9      | Found a shimmering altar of Xom.
  9888 | D:9      | Found a bloodstained altar of Trog.
  9940 | D:9      | Noticed Maurice
  9969 | D:9      | Killed Maurice
 10037 | D:9      | Noticed a troll
 10290 | D:9      | Noticed a black mamba
 10301 | D:9      | Killed a black mamba
 10301 | D:9      | Reached *** piety under Okawaru
 10301 | D:9      | Reached XP level 10. HP: 55/83 MP: 12/14
 10765 | D:10     | Found Vonn's Gadget Shoppe.
 10806 | D:10     | Noticed Grum
 11103 | D:9      | Noticed a fire crab
 11105 | D:9      | Killed a tengu warrior
 11105 | D:9      | Reached **** piety under Okawaru
 11110 | D:9      | Killed a fire crab
 11110 | D:9      | Reached skill level 6 in Fighting
 11209 | D:9      | Noticed a great orb of eyes
 11216 | D:9      | Killed a great orb of eyes
 11216 | D:9      | Reached skill level 5 in Dodging
 11216 | D:9      | Reached skill level 5 in Invocations
 11224 | D:9      | Got a crude long sword
 11316 | D:9      | Learned a level 1 spell: Infusion
 11319 | D:9      | Learned a level 2 spell: Shroud of Golubria
 11323 | D:9      | Learned a level 3 spell: Spectral Weapon
 11415 | D:10     | Found a staircase to the Lair.
 11465 | D:10     | Reached XP level 11. HP: 84/89 MP: 13/15
 11471 | Lair:1   | Entered Level 1 of the Lair of Beasts
 11700 | Lair:3   | Reached skill level 5 in Axes
 11702 | Lair:3   | Noticed a seven-headed hydra
 11900 | Lair:2   | You fall into a shaft and drop 2 floors!
 12079 | Lair:4   | Found a staircase to the Shoals.
 12092 | Lair:4   | Received a gift from Okawaru
 12324 | Lair:3   | Identified the +12 long sword of the Trees {pain, Str+2
                  | Int+3 Stlth+} (You found it on level 9 of the Dungeon)
 12533 | Lair:3   | Reached ***** piety under Okawaru
 12784 | Lair:3   | Found a hole to the Spider Nest.
 12846 | Lair:3   | Reached skill level 1 in Long Blades
 12987 | Lair:3   | Noticed an eight-headed hydra
 13033 | Lair:3   | Reached skill level 1 in Charms
 13302 | Lair:2   | Reached skill level 1 in Translocations
 13480 | Lair:2   | Noticed an eight-headed hydra
 13550 | Lair:3   | Killed a one-headed hydra
 13613 | Lair:3   | Learned a level 1 spell: Sandblast
 13631 | Lair:3   | Reached skill level 5 in Armour
 14016 | Lair:5   | Received a gift from Okawaru
 14056 | Lair:5   | Noticed a lindwurm
 14071 | Lair:5   | Killed a lindwurm
 14239 | Lair:5   | Noticed an oklob plant
 14272 | Lair:5   | Reached skill level 7 in Fighting
 14367 | Lair:6   | Entered Level 6 of the Lair of Beasts
 14372 | Lair:6   | Found a viscous altar of Jiyva.
 14373 | Lair:6   | Found a staircase to the Slime Pits.
 14515 | Lair:5   | Reached XP level 12. HP: 16/100 MP: 17/17
 14895 | Lair:5   | Reached skill level 5 in Evocations
 14923 | Lair:5   | Received a gift from Okawaru
 14931 | Lair:5   | Got a warped kite shield {god gift}
 14932 | Lair:5   | Identified the -4 kite shield of Okawaru's Whim {rN+ Int+3
                  | Dex+4} (Okawaru gifted it to you on level 5 of the Lair of
                  | Beasts)
 15242 | Lair:5   | Reached skill level 1 in Earth Magic
 15386 | Lair:5   | Reached skill level 5 in Throwing
 15805 | Lair:5   | Noticed a catoblepas
 15879 | Lair:5   | Reached skill level 5 in Long Blades
 15908 | Lair:5   | Noticed a death yak
 16242 | Lair:3   | Killed an eight-headed hydra
 16419 | Lair:2   | Killed a seven-headed hydra
 17168 | Lair:1   | Noticed an eight-headed hydra
 18076 | Lair:1   | Killed a one-headed hydra
 18076 | Lair:1   | Reached skill level 5 in Conjurations
 18468 | D:10     | Reached ****** piety under Okawaru
 18468 | D:10     | Received a gift from Okawaru
 18468 | D:10     | Reached XP level 13. HP: 87/107 MP: 19/19
 18472 | D:10     | Killed Grum
 18849 | D:11     | Received a gift from Okawaru
 18849 | D:11     | Reached skill level 8 in Fighting
 18857 | D:11     | Got a steaming cloak {god gift}
 18868 | D:11     | Identified the +2 cloak "Foniorem" {Int+2} (Okawaru gifted
                  | it to you on level 11 of the Dungeon)
 19220 | D:12     | Found Cujot's Food Shop.
 19260 | D:12     | Found Neoll's Gadget Emporium.
 19331 | D:12     | Found Ravem's Weapon Boutique.
 19710 | D:12     | Found Pyarcheu's Armour Boutique.
 19963 | D:12     | Identified the ring of Qaffety {MP+9 EV+4 Int-2 Dex+4}
 20863 | D:14     | Reached skill level 1 in Shields
 20940 | D:15     | Entered Level 15 of the Dungeon
 21218 | D:14     | Slain by a cyan ugly thing

Illustrated notes

Levels and vault maps discovered:
D:1:      dpeg_arrival_rhombi, layout_rooms
D:2:      layout_loops_corners, lemuel_zombie_altar_yredelemnul, uniq_jessica,
          uniq_robin
D:3:      layout_basic, nicolae_overflow_hidden_temple,
          nicolae_overflow_crystal_walls, uniq_grinder
D:4:      layout_loops_ring, lemuel_doored_altar, cheibriados_altar_1,
          uniq_natasha
D:5:      layout_loops_corners, zin_purify, gammafunk_ghost_gnarly_gnolls,
          first_ration, kennysheep_pointless_box, uniq_prince_ribbit1,
          uniq_menkaure
D:6:      layout_loops_ring, minmay_temple_entry_statues_fountains,
          skrybe_limestone_x
D:7:      layout_basic, kennysheep_mini, lemuel_crystal_altar, enter_bailey_3,
          basic_altar, grunt_livestock
D:8:      layout_loops_ring, marbit_many_paths, serial_shops,
          kennysheep_mini_moat, nrook_pool_corridor
D:9:      minmay_chopped_fan, layout_basic, grunt_qazlal_clouds,
          xom_confusion_cloud, overflow_temple_1_default, serial_shops,
          nicolae_shop_stone, onia_ninara_dug_in_and_dangerous, uniq_maurice
D:10:     layout_cave_pools, lair_entry_dummy, serial_shops, shop, uniq_grum
D:11:     layout_basic
D:12:     layout_rooms, david_orc_5, serial_shops, nicolae_shop_waterfront,
          nicolae_shop_stone, nicolae_shop_overgrown_old_shop, shop,
          shop_fountains, minmay_the_grid_2x2 [minmay_the_grid_all_tris,
          minmay_the_grid_tree, minmay_the_grid_tri_star,
          minmay_the_grid_prize_trominoes]
D:13:     layout_cave_pools
D:14:     layout_grid_maze, grunt_vaults_entry_tiered, uniq_snorg
D:15:     grunt_enter_depths_snipers, layout_rooms, minmay_misc_feat_enclosed
Temple:   cyrus_temple_forest
Lair:1:   layout_long_grid, serial_bayou_shore_a, grunt_megastairs_1
Lair:2:   layout_cave_pods, ldierk_geyser
Lair:3:   layout_hall_layers, nicolae_spider_entry_tight_spaces,
          nicolae_quartered_pool_little, grunt_megastairs_4
Lair:4:   layout_roguey, minmay_shoals_entry_centaurs
Lair:5:   layout_small_grid, nicolae_lair_yak_garden, minmay_lair_oklob_chamber,
          grunt_megastairs_3
Lair:6:   evilmike_catoblepas_cave, layout_hall_layers, slime_altar_1

Skill      XL: |  1  2  3  4  5  6  7  8  9 10 11 12 13 |
---------------+----------------------------------------+-----
Dodging        | 1 2 3 4 5 6 |  6.2
Stealth        | 4 5 6 7 |  7.4
Throwing       | 2 3 4 5 |  5.7
Fighting       | 3 4 5 6 7 8 |  8.3
Short Blades   | 3 4 5 6 |  6.6
Armour         | 1 2 3 4 5 6 |  6.3
Spellcasting   | 1 2 3 4 |  4.3
Invocations    | 1 2 3 4 5 6 7 |  7.5
Conjurations   | 1 2 3 4 5 |  5.1
Evocations     | 1 2 3 4 5 |  5.9
Axes           | 1 2 3 4 5 6 |  6.6
Hexes          | 1 2 3 4 |  4.2
Long Blades    | 4 6 7 |  7.7
Charms         | 1 2 |  2.8
Translocations | 1 2 |  2.7
Earth Magic    | 2 3 |  3.2
Shields        | 1 |  1.0

Action                   |  1- 3 |  4- 6 |  7- 9 | 10-12 | 13-15 || total
-------------------------+-------+-------+-------+-------+-------++-------
Melee: Dagger            |   162 |   142 |   736 |   252 |       ||  1292
       Punch             |       |       |     5 |     3 |       ||     8
       Long sword        |       |       |       |   316 |   264 ||   580
       Hand axe          |       |       |       |    33 |    10 ||    43
Throw: Dart              |       |     2 |    22 |    69 |       ||    93
       Stone             |       |       |       |     5 |       ||     5
       Javelin           |       |       |       |     8 |    11 ||    19
 Cast: Shroud of Golubri |       |       |       |       |     1 ||     1
       Spectral Weapon   |       |       |       |       |     1 ||     1
Invok: Heroism           |       |       |    16 |    21 |     3 ||    40
Evoke: Wand              |       |     6 |    18 |    11 |     4 ||    39
  Use: Scroll            |     4 |     1 |    17 |    16 |     5 ||    43
       Potion            |       |     1 |     5 |     1 |     3 ||    10
 Stab: Sleeping          |     4 |     8 |     4 |    17 |     6 ||    39
       Distracted        |     1 |       |       |     4 |     2 ||     7
       Paralysed         |       |       |     1 |     8 |       ||     9
       Invisible         |       |       |       |     2 |       ||     2
  Eat: Chunk             |     2 |     5 |     8 |     8 |     4 ||    27
       Ration            |       |       |     5 |     6 |     1 ||    12
Armor: Robe              |    13 |    47 |   210 |    32 |       ||   302
       Ring mail         |    41 |    15 |       |       |       ||    56
       Leather armour    |       |       |       |   126 |    27 ||   153
       Acid dragon scale |       |       |       |       |   154 ||   154
Dodge: Dodged            |    69 |    81 |   334 |   416 |   241 ||  1141
Block: Buckler           |       |       |       |    51 |    80 ||   131
       Rpst.: Long sword |       |       |       |    61 |    53 ||   114
